 Dungeon Crawl Stone Soup version 0.17-a0-957-ga3519be (webtiles) character file.

114 FedoraBrony69 the Sneak (level 4, 0/23 HPs)
             Began as a Vine Stalker Assassin on May 7, 2015.
             Was a Follower of Kikubaaqudgha.
             Succumbed to a worker ant's poison
             ... on level 4 of the Dungeon.
             The game lasted 00:05:14 (2277 turns).

FedoraBrony69 the Sneak (Vine Stalker Assassin)     Turns: 2277, Time: 00:05:14

Health: 0/23       AC:  6    Str: 14    XL:     4   Next: 98%
Magic:  1/5        EV: 11    Int: 11    God:    Kikubaaqudgha [*.....]
Gold:   239        SH:  0    Dex: 16    Spells: 0 memorised, 3 levels left

rFire  . . .     SeeInvis .     m - +2 dagger (elec)
rCold  + . .     Clarity  .     t - +2 leather armour {rF+}
rNeg   . . .     SustAb   .     (no shield)
rPois  .         Gourm    .     (no helmet)
rElec  .         Spirit   +     d - +0 cloak
rCorr  .         Warding  .     (no gloves)
rMut   .         Stasis   .     (no boots)
MR     .....                    (no amulet)
Stlth  ++........               r - ring of ice
                                j - ring of loudness

@: lethally poisoned (0 -> -9), not resistant to hostile enchantments,
unstealthy
A: fangs 2, regeneration 1, magic shield, antimagic bite, no device heal 3, rot
immunity
a: Receive Corpses, Renounce Religion


You were on level 4 of the Dungeon.
You worshipped Kikubaaqudgha.
Kikubaaqudgha was aware of your devotion.
You were hungry.

You visited 1 branch of the dungeon, and saw 4 of its levels.

You collected 239 gold pieces.

Inventory:

Hand weapons
 a - a +2 dagger
 b - a +0 blowgun
 m - a +2 dagger of electrocution (weapon)
Missiles
 e - 39 poisoned needles
 f - 2 curare-tipped needles
Armour
 c - a +0 robe
 d - a +0 cloak (worn)
 q - a +0 buckler
 t - a +2 leather armour of fire resistance (worn)
Jewellery
 j - a ring of loudness (left hand)
 n - an uncursed ring of positive energy
 r - a ring of ice (right hand)
 v - an uncursed ring of positive energy
Magical devices
 l - a wand of random effects (38)
Scrolls
 i - 7 scrolls of identify {unknown}
 p - a scroll of fear {unknown}
 w - a scroll of amnesia {unknown}
Potions
 s - 2 potions of flight {unknown}
 u - a potion of agility {unknown}
Comestibles
 g - 4 bread rations
 k - 3 meat rations


   Skills:
 + Level 2.0 Fighting
 + Level 0.1 Short Blades
 + Level 3.3 Throwing
 + Level 0.7 Dodging
 + Level 6.2 Stealth


You had 3 spell levels left.
You didn't know any spells.

Dungeon Overview and Level Annotations

Branches:
Dungeon (4/15)
 Temple: D:4-7

Altars:
Kikubaaqudgha


Innate Abilities, Weirdness & Mutations

You have extremely sharp teeth.
Your natural rate of healing is unusually fast.
When hurt, damage is shared between your health and your magic reserves.
Your bite disrupts and absorbs the magic of your enemies.
Potions and wands cannot restore your health.
You are immune to rotting.


Message History

Your Fighting skill increases to level 2!
You feel sick.
The orc wizard hits you but does no damage.
The orc barely misses you.
You hit the orc wizard but do no damage.
The orc wizard is lightly wounded.
You feel sick. The orc wizard barely misses you. The orc barely misses you.
The orc wizard gestures wildly while chanting.
The orc wizard blinks!
You closely miss the orc. You bite the orc, but do no damage.
The orc is moderately wounded.
* * * LOW HITPOINT WARNING * * *
You feel sick. The orc closely misses you.
The orc wizard gestures at you while chanting.
The magic dart hits you!
* * * LOW HITPOINT WARNING * * *
You hit the orc but do no damage. Your bite misses the orc.
The orc is moderately wounded.
You die...
Kikubaaqudgha rasps: "You have failed me!
Welcome... death!"

.# #.# ... #
#.# .#
####.##.###.
#...........
#...........
#.o.o......<
#(.[@....##
#...<...##
#.......#
#.......#
##.#.####
#.#.. #.###
#.


You could see an orc wizard and an orc.

Vanquished Creatures
  A worker ant (D:4)
  An adder (D:2)
  An ooze (D:1)
  2 worms (D:2)
  5 giant geckos
  2 orcs
  A ball python (D:3)
  6 giant cockroaches (D:2)
  7 goblins
  8 hobgoblins
  2 jackals (D:3)
  12 kobolds
  A quokka (D:2)
  5 bats
  5 giant newts
  2 rats
61 creatures vanquished.

Vanquished Creatures (others)
  A human (D:2)
1 creature vanquished.

Grand Total: 62 creatures vanquished

Notes
Turn   | Place    | Note
--------------------------------------------------------------
     0 | D:1      | FedoraBrony69, the Vine Stalker Assassin, began the quest for the Orb.
     0 | D:1      | Reached XP level 1. HP: 11/11 MP: 2/2
   141 | D:1      | Reached skill level 5 in Stealth
   195 | D:1      | Reached XP level 2. HP: 15/15 MP: 3/3
   579 | D:1      | Reached XP level 3. HP: 18/18 MP: 4/4
  1062 | D:2      | Found an ancient bone altar of Kikubaaqudgha.
  1112 | D:2      | Noticed a human
  1114 | D:2      | Killed a human
  1146 | D:2      | Became a worshipper of Kikubaaqudgha
  1170 | D:2      | Reached XP level 4. HP: 23/23 MP: 3/5
  1657 | D:3      | Reached skill level 6 in Stealth
  2268 | D:4      | Acquired Kikubaaqudgha's first power
  2268 | D:4      | Received a gift from Kikubaaqudgha
  2276 | D:4      | HP: 1/23 [orc wizard/magic dart (4)]
  2277 | D:4      | Succumbed to a worker ant's poison

Action                   |  1- 3 |  4- 6 || total
-------------------------+-------+-------++-------
Melee: Dagger            |       |    12 ||    12
 Fire: Blowgun           |   140 |    89 ||   229
  Use: Scroll            |       |     2 ||     2
 Stab: Sleeping          |    26 |    12 ||    38
       Distracted        |       |     2 ||     2
  Eat: Chunk             |       |     3 ||     3
